 Dungeon Crawl Stone Soup version 0.22.0-27-ga576289601 (webtiles) character file.

8642 IceCat the Thaumaturge (level 11, -9/80 (81) HPs)
             Began as a Gnoll Fire Elementalist on Aug 23, 2018.
             Was a Priest of Vehumet.
             Shot with an arrow by something (15 damage)
             ... on level 10 of the Dungeon.
             The game lasted 00:58:24 (11087 turns).

IceCat the Thaumaturge (Gnoll Fire Elementalist)   Turns: 11087, Time: 00:58:24

HP:   -9/80 (81)    AC: 12    Str: 11    XL:     11   Next: 34%
MP:   17/23         EV: 16    Int: 23    God:    Vehumet [***...]
Gold: 229           SH:  5    Dex: 13    Spells: 15/26 levels left

rFire    + . .     SeeInvis .   G - +6 rapier of Untruth {pierce, rPois rF+ Dex-3 Stlth+}
rCold    + . .     Gourm    .   h - +0 buckler
rNeg     . . .     Faith    +   m - +1 leather armour
rPois    +         Spirit   .   N - +2 helmet {Int+3}
rElec    .         Reflect  .   w - +0 cloak
rCorr    .         Harm     .   E - +2 pair of gloves
MR       .....                  (no boots)
Stlth    ++++......             q - amulet of faith
HPRegen  0.23/turn              M - ring of protection from cold
MPRegen  0.18/turn              (no ring)

@: about to teleport
A: distributed training, fangs 1, strong nose
a: Renounce Religion


You were on level 10 of the Dungeon.
You worshipped Vehumet.
Vehumet was most pleased with you.
You were not hungry.

You visited 3 branches of the dungeon, and saw 12 of its levels.

You collected 546 gold pieces.
You spent 317 gold pieces at shops.

Inventory:

Hand Weapons
 b - a +3 short sword of electrocution
 G - the +6 rapier of Untruth (weapon) {pierce, rPois rF+ Dex-3 Stlth+}
   (You found it on level 8 of the Dungeon)

   It inflicts extra damage upon your enemies.
   It affects your dexterity (-3).
   It protects you from fire.
   It protects you from poison.
   It makes you more stealthy.
 L - the +4 falchion "Batiza" {slice, rElec rC+ Str-4 Dex+2}
   (You took it off an orc on level 10 of the Dungeon)

   It inflicts extra damage upon your enemies.
   It affects your strength (-4).
   It affects your dexterity (+2).
   It protects you from cold.
   It insulates you from electricity.
Missiles
 l - 3 javelins
 z - 13 tomahawks (quivered)
 H - 2 javelins of penetration
Armour
 a - a +0 robe
 h - a +0 buckler (worn)
 m - a +1 leather armour (worn)
 w - a +0 cloak (worn)
 E - a +2 pair of gloves (worn)
 I - a +0 pair of gloves of strength
 N - a +2 helmet of intelligence (worn)
Jewellery
 q - an amulet of faith (around neck)
 M - a ring of protection from cold (left hand)
Wands
 i - a wand of flame (15)
 y - a wand of polymorph (18)
 B - a wand of iceblast (8)
 F - a wand of digging (14)
 O - a wand of enslavement (10)
Scrolls
 k - 9 scrolls of identify
 n - a scroll of fear {unknown}
 o - 7 scrolls of remove curse
 s - 3 scrolls of blinking {unknown}
 C - a scroll of brand weapon {unknown}
 D - a scroll of fog
 J - a scroll of enchant armour
 K - a scroll of immolation {unknown}
Potions
 d - 2 potions of lignification
 e - 5 potions of haste
 f - 6 potions of curing {unknown}
 g - a potion of agility
 j - 2 potions of heal wounds {unknown}
 p - 4 potions of resistance {unknown}
 r - 5 potions of brilliance {unknown}
 t - 2 potions of degeneration {unknown}
 x - a potion of might {unknown}
Comestibles
 c - 26 rations
 A - 4 chunks of flesh


   Skills:
 + Level 6.1 Fighting
 + Level 6.1 Short Blades
 + Level 6.1 Long Blades
 + Level 6.1 Axes
 + Level 6.1 Maces & Flails
 + Level 6.1 Polearms
 + Level 6.1 Staves
 + Level 6.1 Slings
 + Level 6.1 Bows
 + Level 6.1 Crossbows
 + Level 6.1 Throwing
 + Level 6.1 Armour
 + Level 7.7 Dodging
 + Level 7.5 Stealth
 + Level 6.1 Shields
 + Level 6.1 Unarmed Combat
 + Level 8.0 Spellcasting
 + Level 5.5 Conjurations
 + Level 5.0 Hexes
 + Level 5.0 Charms
 + Level 5.0 Summonings
 + Level 5.0 Necromancy
 + Level 5.0 Translocations
 + Level 5.0 Transmutations
 + Level 7.5 Fire Magic
 + Level 5.0 Ice Magic
 + Level 5.0 Air Magic
 + Level 5.0 Earth Magic
 + Level 5.0 Poison Magic
 + Level 6.7 Invocations
 + Level 6.1 Evocations


You had 15 spell levels left.
You knew the following spells:

 Your Spells              Type           Power        Failure   Level  Hunger
a - Flame Tongue          Conj/Fire      #####        1%          1    None
b - Throw Flame           Conj/Fire      #####.       1%          2    None
c - Conjure Flame         Conj/Fire      #####...     1%          3    None
d - Fireball              Conj/Fire      #####.....   4%          5    #####..

Your spell library contained the following spells:

 Spells                   Type           Power        Failure   Level  Hunger
 Throw Icicle             Conj/Ice       ####....     2%          4    ###....
 Inner Flame              Hex/Fire       #####...     1%          3    None
 Sticky Flame             Conj/Fire      #####...     1%          4    ###....


Dungeon Overview and Level Annotations

Branches:
Dungeon (10/15)            Temple (1/1) D:5            Lair (1/6) D:9
    Orc (0/2) D:10

Altars:
Ashenzari
Cheibriados
Dithmenos
Elyvilon
Fedhas
Gozag
Hepliaklqana
Kikubaaqudgha
Makhleb
Nemelex Xobeh
Okawaru
Qazlal
Ru
Sif Muna
Trog
Uskayaw
Vehumet
Wu Jian
Xom
Yredelemnul
Zin
The Shining One

Shops:
D:4 ([[


Innate Abilities, Weirdness & Mutations

Your experience applies equally to all skills.
You have very sharp teeth.
Your uncanny sense of smell can sniff out nearby items.


Message History

You see here an arrow.
You hear a loud twanging sound.
An arrow appears from out of thin air!
The arrow hits you!
* * * LOW HITPOINT WARNING * * *
You see here an arrow.
As you read the scroll of teleportation, it crumbles to dust.
You feel strangely unstable.
You hear a loud twanging sound.
An arrow appears from out of thin air!
The arrow hits you!!
* * * LOW HITPOINT WARNING * * *
Some of the chunks of flesh in your inventory have rotted away.
Your surroundings suddenly seem different.
As you read the scroll of teleportation, it crumbles to dust.
You feel strangely unstable.
You hear a loud twanging sound.
An arrow appears from out of thin air!
The arrow hits you but does no damage.
You see here an arrow.
You hear a loud twanging sound.
An arrow appears from out of thin air!
The arrow hits you!
You die...

#.#..# #.....#.....####..##.#
...#.#####......#.............#
..)............##....####..######
...#.#####......#....{.##........
#.##.##........#...###(###.#.....
...#.##.#######.##.# #(....(.....
......#.# #.##.###)#####.....
........# #.##....(#####(...J
...>..### #(@.(..(...(##)....
...#....# ###########{(......
........# ##.####.. #>####..# #.#
.. #># #..# #.. . #.# #..# .... .
#.# #..# ∆ ###.# #.# #.<# ∆ ..∆
..# #..# #..


There were no monsters in sight!

Vanquished Creatures
  A hydra (D:9)
  2 two-headed ogres
  Psyche (D:10)
  A water nymph (D:10)
  A centaur skeleton (D:10)
  A freezing wraith (D:10)
  2 dream sheep (D:9)
  A hippogriff (D:8)
  A wyvern (D:10)
  2 yaks (D:9)
  Eustachio (D:5)
  Menkaure (D:7)
  A water moccasin (D:5)
  A sky beast (D:8)
  A necrophage (D:6)
  An ice beast (D:10)
  7 ogres
  A phantom (D:4)
  A centaur (D:10)
  3 big kobolds (D:9)
  4 bullfrogs
  A gnoll sergeant (D:10)
  A wyvern zombie (D:6)
  2 scorpions
  8 killer bees
  5 howler monkeys
  8 crimson imps
  3 jellies
  A quasit (D:10)
  2 centaur zombies
  4 hounds
  A gnoll shaman (D:5)
  4 orc priests
  A bullfrog skeleton (D:6)
  An iguana (D:9)
  7 worker ants
  12 orc wizards
  2 hound zombies
  A hound skeleton (D:5)
  6 gnolls
  14 adders
  3 shadow imps
  3 oozes
  2 adder skeletons
  2 worms (D:3)
  A dart slug (D:2)
  7 leopard geckos
  39 orcs
  5 bats
  9 giant cockroaches
  4 goblins
  5 hobgoblins
  9 jackals
  10 kobolds
  5 quokkas
  A ball python (D:1)
  5 frilled lizards
  A jackal zombie (D:7)
  A leopard gecko zombie (D:6)
  4 rats
235 creatures vanquished.

Notes
Turn   | Place    | Note
-------+----------+-------------------------------------------
     0 | D:1      | IceCat the Gnoll Fire Elementalist began the quest for the Orb.
     0 | D:1      | Reached XP level 1. HP: 13/13 MP: 6/6
   183 | D:1      | Reached XP level 2. HP: 12/19 MP: 4/7
   274 | D:1      | Learned a level 2 spell: Throw Flame
   462 | D:1      | Reached XP level 3. HP: 25/25 MP: 5/9
   646 | D:1      | Reached skill level 5 in Spellcasting
  1235 | D:2      | Reached skill level 1 in Invocations
  1646 | D:2      | Reached skill level 1 in Fighting
  1646 | D:2      | Reached skill level 1 in Short Blades
  1646 | D:2      | Reached skill level 1 in Long Blades
  1646 | D:2      | Reached skill level 1 in Axes
  1646 | D:2      | Reached skill level 1 in Maces & Flails
  1646 | D:2      | Reached skill level 1 in Polearms
  1646 | D:2      | Reached skill level 1 in Staves
  1646 | D:2      | Reached skill level 1 in Slings
  1646 | D:2      | Reached skill level 1 in Bows
  1646 | D:2      | Reached skill level 1 in Crossbows
  1646 | D:2      | Reached skill level 1 in Throwing
  1646 | D:2      | Reached skill level 1 in Armour
  1646 | D:2      | Reached skill level 1 in Shields
  1646 | D:2      | Reached skill level 1 in Unarmed Combat
  1646 | D:2      | Reached skill level 1 in Evocations
  1654 | D:2      | Reached XP level 4. HP: 32/32 MP: 2/11
  1689 | D:2      | Found a faded altar of an unknown god.
  2375 | D:3      | Found a shimmering altar of Xom.
  2392 | D:3      | Found a shadowy altar of Dithmenos.
  2471 | D:3      | Found an iron altar of Okawaru.
  2581 | D:3      | Reached skill level 1 in Hexes
  2581 | D:3      | Reached skill level 1 in Charms
  2581 | D:3      | Reached skill level 1 in Summonings
  2581 | D:3      | Reached skill level 1 in Necromancy
  2581 | D:3      | Reached skill level 1 in Translocations
  2581 | D:3      | Reached skill level 1 in Transmutations
  2581 | D:3      | Reached skill level 1 in Ice Magic
  2581 | D:3      | Reached skill level 1 in Air Magic
  2581 | D:3      | Reached skill level 1 in Earth Magic
  2581 | D:3      | Reached skill level 1 in Poison Magic
  2581 | D:3      | Reached XP level 5. HP: 37/37 MP: 12/12
  2718 | D:4      | Found Hoele's Antique Armour Boutique.
  2800 | D:4      | Found Bon Isach's Antique Armour Shoppe.
  2817 | D:4      | Reached XP level 6. HP: 32/44 MP: 6/13
  2922 | D:4      | Learned a level 3 spell: Conjure Flame
  2946 | D:4      | Reached skill level 5 in Dodging
  3092 | D:4      | Found Weud's Antique Weapon Shoppe.
  3157 | D:4      | Noticed a phantom
  3187 | D:4      | Killed a phantom
  3187 | D:4      | Reached XP level 7. HP: 50/50 MP: 5/15
  3230 | D:4      | Found a snail-covered altar of Cheibriados.
  3618 | D:4      | Found a sparkling altar of Nemelex Xobeh.
  3626 | D:4      | Found a glowing golden altar of the Shining One.
  3628 | D:4      | Found a shattered altar of Ashenzari.
  3629 | D:4      | Found a deep blue altar of Sif Muna.
  3724 | D:5      | Entered Level 5 of the Dungeon
  4071 | D:5      | Found a blossoming altar of Fedhas.
  4120 | D:5      | Reached skill level 5 in Stealth
  4218 | D:5      | Found a staircase to the Ecumenical Temple.
  4234 | D:5      | Reached XP level 8. HP: 37/57 MP: 7/16
  4239 | Temple   | Entered the Ecumenical Temple
  4653 | D:5      | Found a radiant altar of Vehumet.
  4672 | D:5      | Became a worshipper of Vehumet
  4715 | D:5      | Noticed Eustachio
  4733 | D:5      | Killed Eustachio
  5096 | D:5      | Reached skill level 6 in Spellcasting
  5521 | D:6      | Reached * piety under Vehumet
  5521 | D:6      | Offered knowledge of Magic Dart by Vehumet.
  5845 | D:6      | Reached XP level 9. HP: 64/64 MP: 11/18
  5880 | D:6      | Noticed Menkaure
  6700 | D:7      | Killed Menkaure
  7111 | D:8      | Noticed a two-headed ogre
  7131 | D:8      | Killed a two-headed ogre
  7249 | D:8      | Reached skill level 5 in Invocations
  7325 | D:8      | Reached ** piety under Vehumet
  7325 | D:8      | Offered knowledge of Sandblast by Vehumet.
  7564 | D:8      | Reached XP level 10. HP: 69/72 MP: 10/20
  7616 | D:8      | Reached skill level 7 in Spellcasting
  7872 | D:8      | Got a slimy rapier
  7873 | D:8      | Identified the +6 rapier of Untruth {pierce, rPois rF+ Dex-3 Stlth+} (You found it on level 8 of the Dungeon)
  8328 | D:9      | Found an opulent altar of Gozag.
  8471 | D:9      | Found a staircase to the Lair.
  8567 | D:9      | Found a burning altar of Makhleb.
  8599 | D:9      | Offered knowledge of Mephitic Cloud by Vehumet.
  8626 | D:9      | Reached skill level 5 in Fighting
  8626 | D:9      | Reached skill level 5 in Short Blades
  8626 | D:9      | Reached skill level 5 in Long Blades
  8626 | D:9      | Reached skill level 5 in Axes
  8626 | D:9      | Reached skill level 5 in Maces & Flails
  8626 | D:9      | Reached skill level 5 in Polearms
  8626 | D:9      | Reached skill level 5 in Staves
  8626 | D:9      | Reached skill level 5 in Slings
  8626 | D:9      | Reached skill level 5 in Bows
  8626 | D:9      | Reached skill level 5 in Crossbows
  8626 | D:9      | Reached skill level 5 in Throwing
  8626 | D:9      | Reached skill level 5 in Armour
  8626 | D:9      | Reached skill level 5 in Shields
  8626 | D:9      | Reached skill level 5 in Unarmed Combat
  8626 | D:9      | Reached skill level 5 in Evocations
  8764 | D:9      | Noticed a two-headed ogre
  8779 | D:9      | Killed a two-headed ogre
  8921 | D:9      | Reached skill level 5 in Conjurations
  9059 | D:9      | Noticed a two-headed hydra
  9092 | D:9      | Killed a two-headed hydra
  9206 | D:10     | Entered Level 10 of the Dungeon
  9256 | D:10     | Found a staircase to the Orcish Mines.
  9259 | D:10     | Reached *** piety under Vehumet
  9274 | D:10     | Noticed Urug
  9748 | D:10     | Noticed Urug
  9748 | D:10     | Urug changed into Urug the sea snake
  9766 | D:10     | Noticed Urug
  9766 | D:10     | Urug the sea snake changed into Urug the wolf spider
  9768 | D:10     | Noticed Urug
  9768 | D:10     | Urug the wolf spider changed into Urug the water nymph
  9810 | D:10     | Killed Urug the water nymph
  9810 | D:10     | Reached XP level 11. HP: 67/80 MP: 15/22
 10006 | D:4      | Bought a shiny helmet for 157 gold pieces
 10021 | D:4      | Bought a runed scarf for 160 gold pieces
 10136 | Lair:1   | Entered Level 1 of the Lair of Beasts
 10197 | D:10     | Learned a level 5 spell: Fireball
 10268 | D:10     | Noticed Psyche
 10351 | D:10     | Killed Psyche
 10922 | D:10     | Offered knowledge of Throw Icicle by Vehumet.
 10922 | D:10     | Reached skill level 5 in Hexes
 10922 | D:10     | Reached skill level 5 in Charms
 10922 | D:10     | Reached skill level 5 in Summonings
 10922 | D:10     | Reached skill level 5 in Necromancy
 10922 | D:10     | Reached skill level 5 in Translocations
 10922 | D:10     | Reached skill level 5 in Transmutations
 10922 | D:10     | Reached skill level 5 in Ice Magic
 10922 | D:10     | Reached skill level 5 in Air Magic
 10922 | D:10     | Reached skill level 5 in Earth Magic
 10922 | D:10     | Reached skill level 5 in Poison Magic
 10947 | D:10     | Reached skill level 8 in Spellcasting
 10964 | D:10     | Noticed a centaur warrior
 11011 | D:10     | Got a smoking falchion {slice}
 11012 | D:10     | Identified the +4 falchion "Batiza" {slice, rElec rC+ Str-4 Dex+2} (You took it off an orc on level 10 of the Dungeon)
 11079 | D:10     | HP: 4/80 [something (20)]
 11087 | D:10     | Shot with an arrow by something

Skill      XL: |  1  2  3  4  5  6  7  8  9 10 11 |
---------------+----------------------------------+-----
Conjurations   | 2 3 4 5 |  5.5
Spellcasting   | 5 6 7 8 |  8.0
Invocations    | 1 2 3 4 5 6 |  6.7
Fighting       | 1 2 3 4 5 6 |  6.1
Short Blades   | 1 2 3 4 5 6 |  6.1
Long Blades    | 1 2 3 4 5 6 |  6.1
Axes           | 1 2 3 4 5 6 |  6.1
Maces & Flails | 1 2 3 4 5 6 |  6.1
Polearms       | 1 2 3 4 5 6 |  6.1
Staves         | 1 2 3 4 5 6 |  6.1
Slings         | 1 2 3 4 5 6 |  6.1
Bows           | 1 2 3 4 5 6 |  6.1
Crossbows      | 1 2 3 4 5 6 |  6.1
Throwing       | 1 2 3 4 5 6 |  6.1
Armour         | 1 2 3 4 5 6 |  6.1
Shields        | 1 2 3 4 5 6 |  6.1
Unarmed Combat | 1 2 3 4 5 6 |  6.1
Evocations     | 1 2 3 4 5 6 |  6.1
Hexes          | 1 2 3 4 5 |  5.0
Charms         | 1 2 3 4 5 |  5.0
Summonings     | 1 2 3 4 5 |  5.0
Necromancy     | 1 2 3 4 5 |  5.0
Translocations | 1 2 3 4 5 |  5.0
Transmutations | 1 2 3 4 5 |  5.0
Ice Magic      | 1 2 3 4 5 |  5.0
Air Magic      | 1 2 3 4 5 |  5.0
Earth Magic    | 1 2 3 4 5 |  5.0
Poison Magic   | 1 2 3 4 5 |  5.0
Dodging        | 5 6 7 |  7.7
Stealth        | 5 6 7 |  7.5
Fire Magic     | 6 7 |  7.5

Action                   |  1- 3 |  4- 6 |  7- 9 | 10-12 || total
-------------------------+-------+-------+-------+-------++-------
Melee: Unarmed           |    24 |       |       |       ||    24
       Bite              |     5 |     2 |     3 |     7 ||    17
       Short sword       |       |    31 |    59 |       ||    90
       Punch             |       |       |     1 |       ||     1
       Rapier            |       |       |       |   103 ||   103
Throw: Javelin           |       |    16 |    26 |    27 ||    69
       Tomahawk          |       |       |    14 |    41 ||    55
 Cast: Flame Tongue      |    50 |    42 |   176 |   146 ||   414
       Throw Flame       |    11 |    20 |    56 |    49 ||   136
       Conjure Flame     |       |     3 |    15 |    17 ||    35
       Fireball          |       |       |       |     2 ||     2
Evoke: Wand              |       |       |       |     6 ||     6
  Use: Potion            |     3 |       |       |       ||     3
       Scroll            |     1 |     5 |       |     2 ||     8
 Stab: Invisible         |       |     2 |       |       ||     2
       Sleeping          |       |       |       |     5 ||     5
  Eat: Chunk             |     2 |     6 |    13 |    12 ||    33
Armor: Robe              |     8 |       |       |       ||     8
       Leather armour    |       |     7 |    21 |    42 ||    70
Dodge: Dodged            |    32 |    30 |    88 |   100 ||   250
Block: Buckler           |       |       |       |    33 ||    33
